 Dungeon Crawl Stone Soup version 0.17.1-2-g5865329 (webtiles) character file.

163 Pepeogr the Ruffian (level 5, 0/47 HPs)
             Began as a Ghoul Monk on Feb 9, 2016.
             Was an Elder of Lugonu.
             Slain by a centaur skeleton (8 damage)
             ... on level 5 of the Dungeon.
             The game lasted 00:43:08 (2032 turns).

Pepeogr the Ruffian (Ghoul Monk)                    Turns: 2032, Time: 00:43:08

Health: 0/47       AC:  4    Str: 16    XL:     5   Next: 44%
Magic:  4/4        EV: 13    Int:  5    God:    Lugonu [****..]
Gold:   121        SH:  0    Dex: 11    Spells: 0 memorised, 4 levels left

rFire  + . .     SeeInvis .       - Unarmed
rCold  + . .     Clarity  .     a - +0 robe
rNeg   + + +     SustAt   .     (no shield)
rPois  ∞         Gourm    .     (no helmet)
rElec  .         Spirit   .     (no cloak)
rCorr  .         Warding  .     r - +0 pair of gloves
rMut   .         Stasis   .     l - +0 pair of boots (curse)
MR     .....                    (no amulet)
Stlth  ++........               (no ring)
                                b - ring of protection from fire

@: rotting, not resistant to hostile enchantments, unstealthy
A: rotting body, claws 1, carnivore 3, cold resistance 1, negative energy
resistance 3, slow regeneration 1, torment resistance, unbreathing
a: Depart the Abyss, Bend Space, Banish, Corrupt, Renounce Religion


You were on level 5 of the Dungeon.
You worshipped Lugonu.
Lugonu was greatly pleased with you.
You were not hungry.

You visited 1 branch of the dungeon, and saw 5 of its levels.

You collected 121 gold pieces.

Inventory:

Hand Weapons
 f - a +0 mace
 h - a +0 dagger
 m - a +0 dagger
 p - a +0 short sword
Missiles
 e - 28 stones (quivered)
Armour
 a - a +0 robe (worn)
 d - a +0 ring mail
 j - a +0 chain mail
 k - a +0 robe
 l - a cursed +0 pair of boots (worn)
 r - a +0 pair of gloves (worn)
 s - a +0 pair of gloves
Jewellery
 b - a ring of protection from fire (left hand)
Scrolls
 n - 2 scrolls of remove curse {unknown}
 o - 2 scrolls of enchant weapon {unknown}
Potions
 g - 2 potions of curing {unknown}
 i - 3 potions of degeneration {unknown}
Comestibles
 c - a beef jerky
 q - a chunk of flesh


   Skills:
 * Level 4.7 Fighting
 * Level 3.4 Dodging
 - Level 2.1 Stealth
 + Level 5.6 Unarmed Combat


You had 4 spell levels left.
You didn't know any spells.

Dungeon Overview and Level Annotations

Branches:
Dungeon (5/15)
 Temple: D:4-7

Altars:
Ashenzari
Kikubaaqudgha
Qazlal
Lugonu

Annotations:
D:5 Gomorra's ghost, novice DDBe


Innate Abilities, Weirdness & Mutations

Your body is rotting away.
You thrive on raw meat.
You are immune to poison.
You have sharp fingernails.
You are carnivorous and can eat meat at any time.
Your flesh is cold resistant.
You are immune to negative energy.
You regenerate slowly when monsters are visible.
You are immune to unholy pain and torment.
You can survive without breathing.


Message History

Gomorra's ghost hits you!
You hit Gomorra's ghost but do no damage.
Gomorra's ghost closely misses you.
You hit Gomorra's ghost but do no damage.
Gomorra's ghost hits you.
You hear the slow hiss of a distant avalanche of sand.
Gomorra's ghost closely misses you. Gomorra's ghost hits you.
Gomorra's ghost hits you!
* * * LOW HITPOINT WARNING * * *
You feel more resilient.
This raw flesh tastes great!
Gomorra's ghost says, "I won't need demonic support against you."
Gomorra's ghost closely misses you.
You continue eating.
Gomorra's ghost barely misses you.
You continue eating.
Gomorra's ghost hits you.
* * * LOW HITPOINT WARNING * * *
The centaur skeleton hits you!
You die...

#.####.##.#. ##.#
#.#......... #...
#.#.##.##.## #...
#......##... #...
####.#####.## #...
#......# #..
#...#######.##.#.# ###
.###....Z.W..#.##.#.#
......$..@.†...##.#.###
.......................
?...............#.#..##
.#.#####.###.........#
# #......#†#.##.#
#.####(#.#.##.# ..#
#.#......# #.#
#......###
##.##...######


You could see Gomorra's ghost and a centaur skeleton.

Vanquished Creatures
  A giant frog skeleton (D:4)
  A worker ant (D:5)
  3 gnolls (D:4)
  4 adders
  An ooze (D:1)
  3 worms
  An orc (D:3)
  2 ball pythons (D:4)
  3 goblins
  3 hobgoblins
  2 jackals (D:4)
  A giant cockroach (D:1)
  A giant cockroach zombie (D:5)
  A giant newt (D:5)
  9 kobolds
  3 rats
39 creatures vanquished.

Notes
Turn   | Place    | Note
--------------------------------------------------------------
     0 | D:1      | Pepeogr the Ghoul Monk began the quest for the Orb.
     0 | D:1      | Reached XP level 1. HP: 19/19 MP: 0/0
   338 | D:1      | Reached XP level 2. HP: 23/26 MP: 1/1
   424 | D:2      | Found a stormy altar of Qazlal.
   847 | D:3      | Reached skill level 5 in Unarmed Combat
   847 | D:3      | Reached XP level 3. HP: 26/31 MP: 2/2
   988 | D:3      | Found a faded altar to an unknown god.
  1023 | D:3      | Became a worshipper of Lugonu the Unformed
  1023 | D:3      | Reached * piety under Lugonu
  1023 | D:3      | Reached ** piety under Lugonu
  1023 | D:3      | Reached *** piety under Lugonu
  1038 | D:3      | Found a shattered altar of Ashenzari.
  1594 | D:4      | Reached XP level 4. HP: 23/40 MP: 3/3
  1742 | D:4      | Reached XP level 5. HP: 32/47 MP: 4/4
  1865 | D:5      | Entered Level 5 of the Dungeon
  1878 | D:5      | Reached **** piety under Lugonu
  1886 | D:5      | Found an ancient bone altar of Kikubaaqudgha.
  2004 | D:5      | Noticed Gomorra's ghost (novice DDBe)
  2032 | D:5      | Slain by a centaur skeleton

Action                   |  1- 3 |  4- 6 || total
-------------------------+-------+-------++-------
Melee: Mace              |     7 |       ||     7
       Unarmed           |    83 |    64 ||   147
  Use: Scroll            |     1 |       ||     1
       Potion            |       |     1 ||     1
 Stab: Sleeping          |     1 |       ||     1
  Eat: Chunk             |    12 |    10 ||    22
       Meat ration       |     1 |       ||     1
